AoeStats
← Dicens

Arena

509548153Analyzed
1v1 RM · 5d ago on Sep 27, 2026· 43m 19s· 2 players
Game mode
Random Map
Map size
Tiny (2 player)
Population
200
Speed
Normal
Resources
Standard
Victory
Conquest
Starting age
Dark Age
Ending age
Imperial Age
RankedLock teamsTeams togetherTeam positionsShared explorationLock speedFull tech treeHidden civsTurbo modeCheats
Victory
Defeat
🇺🇸 Maya · United States
1264
+16
🇲🇽 Turks · Mexico
1272
-16
PlushWerewolf
10:54 Feudal Age
14:44 Castle Age
13:52 Double-Bit Axe
13:49 Horse Collar
16:56 Loom
26:19 Fletching
26:31 Padded Archer Armor
30:10 Imperial Age
28:10 Bodkin Arrow
29:46 Leather Archer Armor
30:32 Wheelbarrow
31:15 Bracer
32:15 Ring Archer Armor
33:56 Conscription
34:07 Block Printing
33:40 Elite Skirmisher
34:35 Thumb Ring
35:19 Sanctity
35:50 Ballistics
37:12 Chemistry
36:50 Elite Plumed Archer
38:43 Hul'che Javelineers
39:44 Masonry
40:02 Pikeman
40:44 Scale Mail Armor
40:55 Forging
41:40 Arson
41:22 Halberdier
42:04 Squires
41:59 Eagle Warrior
42:48 Elite Eagle Warrior
Dicens
10:16 Feudal Age
14:17 Castle Age
12:28 Double-Bit Axe
13:49 Stone Mining
16:16 Town Watch
17:29 Gold Mining
18:17 Horse Collar
18:24 Loom
23:21 Wheelbarrow
24:30 Gold Shaft Mining
28:19 Imperial Age
26:23 Bow Saw
29:45 Hand Cart
30:27 Bloodlines
31:34 Husbandry
32:44 Fletching
33:10 Scale Barding Armor
34:08 Conscription
33:57 Fletching
35:33 Bodkin Arrow
36:17 Chain Barding Armor
37:37 Guilds
39:00 Two-Man Saw
38:41 Plate Barding Armor
38:38 Forging
42:22 Iron Casting
43:23 Padded Archer Armor
43:31 Bracer
44:34 Blast Furnace
Connection lost

Rejoining the realm…

Still unreachable

The connection could not be restored.

Session expired

The server has moved on; the page needs a fresh start.